 Dungeon Crawl Stone Soup version 0.20.0-10-g0535bb4 (webtiles) character file.

39 sagitran the Sneak (level 3, 0/17 HPs)
             Began as a Vine Stalker Enchanter on June 7, 2017.
             Succumbed to an adder's poison
             ... on level 2 of the Dungeon on June 8, 2017.
             The game lasted 00:27:38 (1123 turns).

sagitran the Sneak (Vine Stalker Enchanter)         Turns: 1123, Time: 00:27:38

Health: 0/17       AC:  7    Str: 10    XL:     3   Next: 45%
Magic:  2/7        EV: 18    Int: 16    God:
Gold:   40         SH:  0    Dex: 21    Spells: 3/6 levels left

rFire    . . .     SeeInvis .   a - +1 dagger
rCold    . . .     Gourm    .   (no shield)
rNeg     . . .     Faith    .   b - +0 robe
rPois    .         Spirit   +   e - +1 helmet
rElec    .         Reflect  .   j - +2 cloak
rCorr    .         Harm     .   (no gloves)
MR       .....                  (no boots)
Stlth    ++++......             (no amulet)
Regen    0.1/turn               (no ring)
MPRegen  0.1/turn               (no ring)

@: agile, lethally poisoned (0 -> -7)
A: fangs 2, agile 1, magic shield, antimagic bite, no potion heal 3, rot
immunity, MP-powered wands
a: no special abilities


You were on level 2 of the Dungeon.
You were not hungry.

You visited 1 branch of the dungeon, and saw 2 of its levels.

You collected 40 gold pieces.

Inventory:

Hand Weapons
 a - a +1 dagger (weapon)
Missiles
 g - 8 tomahawks (quivered)
Armour
 b - a +0 robe (worn)
 e - a +1 helmet (worn)
 j - a +2 cloak (worn)
Scrolls
 h - a scroll of blinking {unknown}
 i - a scroll of teleportation
Books
 c - a book of Maledictions

   Spells                             Type                      Level
   a - Corona                         Hexes                        1
   b - Ensorcelled Hibernation        Hexes/Ice                    2
   c - Confuse                        Hexes                        3
   d - Tukima's Dance                 Hexes                        3
   e - Dazzling Spray                 Conjuration/Hexes            3
Comestibles
 d - 2 bread rations


   Skills:
 + Level 0.3 Fighting
 + Level 1.3 Short Blades
 + Level 1.7 Dodging
 + Level 4.2 Stealth
 + Level 2.3 Spellcasting
 + Level 3.4 Hexes


You had 3 spell levels left.
You knew the following spells:

 Your Spells              Type           Power        Failure   Level  Hunger
a - Corona                Hex            ##.....      4%          1    #......
b - Ensorcelled Hibernat  Hex/Ice        #.....       16%         2    ###....


Dungeon Overview and Level Annotations

Branches:
Dungeon (2/15)

Altars:


Innate Abilities, Weirdness & Mutations

You have extremely sharp teeth.
When hurt, damage is shared between your health and your magic reserves.
Your bite disrupts and absorbs the magic of your enemies.
Potions cannot restore your health.
You are immune to rotting.
You are agile. (Dex +2)
You expend magic power (3 MP) to strengthen your wands.


Message History

* * * LOW HITPOINT WARNING * * *
You feel sick.
You hit the adder but do no damage.
The adder is heavily wounded.
The adder bites you but does no damage.
It was a potion of agility.
You feel agile all of a sudden.
* * * LOW HITPOINT WARNING * * *
You feel sick. The adder barely misses you.
The adder bites you but does no damage. The adder misses you.
* * * LOW HITPOINT WARNING * * *
You feel sick. The adder bites you.
* * * LOW HITPOINT WARNING * * *
You are more poisoned.
The adder poisons you! The adder barely misses you.
As you read the scroll labeled NEOM DIH BUINE, it crumbles to dust.
It is a scroll of enchant armour.
Your +0 helmet glows green for a moment.
You die...

##...#
#.##
#...##.#.#
###....##
#........#
##.#
#.#.##.###
#. #.#.##
# # #....#
##..#...#
#...#...#
#S#####.#
#.@.# #
###.# ...
#.## .# .#
#


You could see an adder.

Vanquished Creatures
  A dart slug (D:1)
  3 giant cockroaches (D:1)
  3 goblins
  7 hobgoblins
  4 jackals
  3 kobolds
  3 ball pythons (D:1)
  3 bats (D:1)
  2 frilled lizards (D:1)
  2 rats (D:1)
31 creatures vanquished.

Notes
Turn   | Place    | Note
-------+----------+-------------------------------------------
     0 | D:1      | sagitran the Vine Stalker Enchanter began the quest for the Orb.
     0 | D:1      | Reached XP level 1. HP: 9/9 MP: 4/4
   145 | D:1      | Reached skill level 1 in Short Blades
   209 | D:1      | Reached XP level 2. HP: 6/13 MP: 4/6
   227 | D:1      | Learned a level 2 spell: Ensorcelled Hibernation
   297 | D:1      | Reached skill level 4 in Stealth
   455 | D:1      | Gained mutation: You expend magic power (3 MP) to strengthen your wands. [potion of mutation]
   455 | D:1      | Gained mutation: You are agile. (Dex +2) [potion of mutation]
   557 | D:1      | Reached XP level 3. HP: 10/17 MP: 7/7
  1123 | D:2      | Succumbed to an adder's poison

Skill      XL: |  1  2 |
---------------+-------+-----
Short Blades   | 1 |  1.3
Stealth        | 4 |  4.2
Fighting       | |  0.3
Dodging        | |  1.7
Spellcasting   | |  2.3
Hexes          | |  3.4

Action                   || total
-------------------------++-------
Melee: Dagger            ||   103
       Bite              ||    25
Throw: Tomahawk          ||     4
 Cast: Ensorcelled Hiber ||     4
       Corona            ||     2
  Use: Scroll            ||     5
       Potion            ||     2
 Stab: Distracted        ||     1
       Sleeping          ||     6
  Eat: Royal jelly       ||     1
Armor: Robe              ||    38
Dodge: Dodged            ||    91
